 Dungeon Sprint DCSS version 0.30.1-11-g7821555f0a (webtiles) character file.

Game seed: 14741548486836551402

13738 Groucho the Geomancer (level 11, 0/64 (67) HPs)
             Began as a Deep Elf Earth Elementalist on Jan 8, 2024.
             Was the Champion of Sif Muna.
             Slain by a balrug
             ... wielding a +1 demon whip of draining
              (26 damage)
             ... in the Dungeon (Sprint VII: "The Pits").
             The game lasted 00:20:24 (7881 turns).

Groucho the Geomancer (Deep Elf Earth Elementalist) Turns: 7881, Time: 00:20:25

HP:   0/64 (67)     AC: 17    Str:  5    XL:     11   Next: 79%
MP:   15/29         EV: 15    Int: 25    God:    Sif Muna [******]
Gold: 28            SH:  0    Dex: 15    Spells: 21/34 levels left

rFire   . . .        h - +2 dagger
rCold   . . .        (no shield)
rNeg    . . .        l - +3 ring mail
rPois   .            C - +1 helmet
rElec   .            s - +0 cloak
rCorr   .            r - +0 pair of gloves
SInv    .            (no boots)
Will    +....        (no amulet)
Stlth   ++++         e - +3 ring of evasion
HPRegen 0.30/turn    m - +3 ring of protection
MPRegen 0.21/turn

%: no teleportation
@: lightly drained
A: no striking features
a: Renounce Religion, Channel Magic, Forget Spell, Divine Exegesis


You were in the Dungeon.
You worshipped Sif Muna.
Sif Muna was exalted by your worship.
You visited 1 branch You collected 28 gold pieces.

Inventory:

Hand Weapons
 h - a +2 dagger (weapon)
 t - a +2 rapier of freezing
Armour
 l - a +3 ring mail (worn)
 r - a +0 pair of gloves (worn)
 s - a +0 cloak (worn)
 C - a +1 helmet (worn)
Jewellery
 e - a +3 ring of evasion (left hand)
 m - a +3 ring of protection (right hand)
 A - a ring of poison resistance
 B - a ring of positive energy
Scrolls
 g - a scroll of fog
 j - 6 scrolls of amnesia
 k - a scroll of butterflies
 w - 2 scrolls of fear
 x - a scroll of identify
 y - 2 scrolls of blinking
 z - 4 scrolls of enchant armour
Potions
 a - a potion of cancellation {unknown}
 b - 4 potions of magic
 c - 8 potions of curing
 d - 3 potions of heal wounds
 f - 4 potions of berserk rage
 i - 2 potions of invisibility
 n - 3 potions of might
 o - 2 potions of haste
 p - 3 potions of mutation
 v - 2 potions of brilliance


   Skills:
 - Level 7.0 Fighting
 + Level 6.8 Short Blades
 + Level 7.0 Armour
 - Level 10.0 Dodging
 + Level 9.2 Stealth
 - Level 12.0 Spellcasting
 + Level 13.6 Conjurations
 + Level 8.0 Necromancy
 - Level 12.0 Transmutations
 + Level 14.2 Earth Magic
 - Level 10.0 Invocations


You had 21 spell levels left.
You knew the following spells:

 Your Spells              Type           Power      Damage    Failure   Level
a - Sandblast             Erth           100%       2d20      1%          1
b - Stone Arrow           Conj/Erth      100%       3d13      1%          3
c - Petrify               Tmut/Erth      69%        N/A       1%          4
d - Borgnjor's Vile Clut  Necr/Erth      31%        N/A       4%          5

Your spell library contained the following spells:

 Spells                   Type           Power      Damage    Failure   Level
 Kiss of Death            Conj/Necr      100%       2d13      1%          1
 Magic Dart               Conj           100%       1d8       1%          1
 Necrotise                Necr           100%       1d9       1%          1
 Shock                    Conj/Air       100%       1d9       1%          1
 Passwall                 Tmut/Erth      57%        N/A       1%          2
 Searing Ray              Conj           100%       2d8       1%          2
 Wereblood                Tmut           66%        N/A       1%          2
 Hailstorm                Conj/Ice       49%        3d11      2%          3
 Spider Form              Tmut/Pois      45%        N/A       3%          3
 Cigotuvi's Dreadful Rot  Necr/Pois/Air  56%        N/A       8%          2
 Flame Wave               Conj/Fire      49%        2d12      9%          4
 Fulminant Prism          Conj/Hex       24%        3d12      9%          4
 Apportation              Tloc           30%        N/A       16%         1
 Summon Small Mammal      Summ           60%        N/A       16%         1
 Blink                    Tloc           30%        N/A       22%         2
 Ensorcelled Hibernation  Hex/Ice        30%        N/A       22%         2
 Lesser Beckoning         Tloc           30%        N/A       22%         2
 Arcjolt                  Conj/Air       24%        1d34      26%         5
 Fireball                 Conj/Fire      24%        3d11      26%         5
 Anguish                  Hex/Necr       17%        N/A       28%         4
 Alistair's Intoxication  Tmut/Pois      30%        N/A       34%         5
 Vhi's Electric Charge    Tloc/Air       30%        N/A       41%         3
 Freezing Cloud           Conj/Ice/Air   18%        6-21      54%         5
 Death Channel            Necr           26%        N/A       65%         6
 Summon Forest            Summ/Tloc      7%         N/A       99%         5
 Plasma Beam              Fire/Air       7%         2x1d20    100%        6
 Haunt                    Necr/Summ      17%        N/A       100%        7
 Spellforged Servitor     Conj/Summ      24%        N/A       100%        7
 Borgnjor's Revivificati  Necr           26%        N/A       100%        8
 Chain Lightning          Conj/Air       24%        3d32      100%        9
 Fire Storm               Conj/Fire      24%        8d6       100%        9
 Shatter                  Erth           36%        3d29*     100%        9


Dungeon Overview and Level Annotations

Branches:
Dungeon (1/1)

Altars:
Ashenzari
Cheibriados
Dithmenos
Elyvilon
Fedhas
Gozag
Hepliaklqana
Kikubaaqudgha
Makhleb
Nemelex Xobeh
Okawaru
Qazlal
Ru
Sif Muna
Trog
Uskayaw
Vehumet
Wu Jian
Xom
Yredelemnul
Zin
The Shining One
Jiyva
Lugonu


Message History

You feel drained.
* * * LOW HITPOINT WARNING * * *
Unknown command.
You feel much better. The balrug closely misses you.
The balrug gestures at you. The sticky flame hits you!
You are covered in liquid flames!
* * * LOW HITPOINT WARNING * * *
Unknown command.
Unknown command.
You feel much better.
You are covered in liquid flames!
The balrug hits you with a +1 demon whip of draining!
You are engulfed in flames!
* * * LOW HITPOINT WARNING * * *
You feel drained.
* * * LOW HITPOINT WARNING * * *
Unknown command.
You feel much better.
You are covered in liquid flames!
* * * LOW HITPOINT WARNING * * *
You are no longer on fire.
The balrug misses you.
Unknown command.
Unknown command.
You feel much better. The balrug gestures at you. Something smites you!
Unknown command.
Unknown command.
Casting: Stone Arrow (safe; 1% risk of failure)
Confirm with . or Enter, or press ? or * to list all spells.
Aiming: Borgnjor's Vile Clutch (dangerous; 4% risk of failure)
Press: ? - help, Shift-Dir - straight line, f/p - balrug
Aim: a balrug, wielding a +1 demon whip of draining (severely wounded, 100% to hit)
Zombie hands grab the balrug.
The zombie hands constrict the balrug!
The balrug hits you with a +1 demon whip of draining!
You are engulfed in flames!!
You die...

#++############
#..............
#.....@2.......
#..############
#..# #..# ##
#..# .# #..# .#
#..# .# #[.#
.##########..#


You could see a balrug (clutched).

Vanquished Creatures
  A merfolk avatar (D)
  3 death yaks (D)
  A vampire mage (D)
  Sonja (D)
  2 shadow wraiths (D)
  A sea snake (D)
  A swamp dragon (D)
  An orc knight (D)
  2 lindwurms (D)
  A deep elf zephyrmancer (D)
  An ugly thing (D)
  Joseph (D)
  2 orange demons (D)
  A cane toad (D)
  A molten gargoyle (D)
  An unseen horror (D)
  Psyche (D)
  A rime drake (D)
  A freezing wraith (D)
  3 trolls (D)
  A tyrant leech (D)
  Prince Ribbit (D)
  A spriggan (D)
  A ynoxinul (D)
  A fire bat (D)
  2 vampire mosquitoes (D)
  A warg (D)
  2 floating eyes (D)
  An acid dragon (D)
  2 orc warriors (D)
  2 ice beasts (D)
  An ice beast (shapeshifter) (D)
  A sky beast (D)
  7 wolves (D)
  3 jellies (D)
  An orc priest (D)
  2 orc wizards (D)
  2 hell rats (D)
  2 mummies (D)
  An adder (D)
  A gnoll (D)
  A river rat (D)
  A white imp (D)
  6 orcs (D)
  A ball python (D)
  An endoplasm (D)
  3 giant cockroaches (D)
  2 goblins (D)
  2 hobgoblins (D)
  A quokka (D)
  A bat simulacrum (D)
  A frilled lizard (D)
  A kobold (D)
84 creatures vanquished.

Notes
Turn   | Place    | Note
-------+----------+-------------------------------------------
     0 | D        | Groucho the Deep Elf Earth Elementalist began the quest for
                  | the Orb.
     0 | D        | Reached XP level 1. HP: 10/10 MP: 6/6
   252 | D        | Found a glowing golden altar of the Shining One.
   252 | D        | Found a glowing silver altar of Zin.
   252 | D        | Found a basalt altar of Yredelemnul.
   252 | D        | Found a shimmering altar of Xom.
   252 | D        | Found an ornate altar of the Wu Jian Council.
   252 | D        | Found a bloodstained altar of Trog.
   252 | D        | Found a shimmering blue altar of Sif Muna.
   252 | D        | Found a sacrificial altar of Ru.
   252 | D        | Found a stormy altar of Qazlal.
   252 | D        | Found an iron altar of Okawaru.
   252 | D        | Found a sparkling altar of Nemelex Xobeh.
   252 | D        | Found a burning altar of Makhleb.
   252 | D        | Found a viscous altar of Jiyva.
   252 | D        | Found a hazy altar of Hepliaklqana.
   252 | D        | Found an opulent altar of Gozag.
   252 | D        | Found a blossoming altar of Fedhas.
   252 | D        | Found a white marble altar of Elyvilon.
   252 | D        | Found a shadowy altar of Dithmenos.
   252 | D        | Found a snail-covered altar of Cheibriados.
   253 | D        | Found a radiant altar of Vehumet.
   253 | D        | Found a corrupted altar of Lugonu.
   254 | D        | Found an ancient bone altar of Kikubaaqudgha.
   254 | D        | Found a hide-covered altar of Uskayaw.
   254 | D        | Found a broken altar of Ashenzari.
   255 | D        | Became a worshipper of Sif Muna the Loreminder
   273 | D        | Reached skill level 1 in Conjurations
   276 | D        | Reached skill level 1 in Invocations
   434 | D        | Reached * piety under Sif Muna
   436 | D        | Reached skill level 4 in Earth Magic
   440 | D        | Reached XP level 2. HP: 12/15 MP: 2/8
   595 | D        | Reached ** piety under Sif Muna
   598 | D        | Reached XP level 3. HP: 18/19 MP: 3/10
   600 | D        | Reached *** piety under Sif Muna
   618 | D        | Noticed a floating eye
   698 | D        | Killed a floating eye
   699 | D        | Reached skill level 5 in Spellcasting
   699 | D        | Reached skill level 5 in Conjurations
   699 | D        | Reached skill level 6 in Earth Magic
   699 | D        | Reached XP level 4. HP: 24/24 MP: 9/13
   699 | D        | Reached XP level 5. HP: 28/28 MP: 10/15
   965 | D        | Noticed a fire bat
   965 | D        | Noticed a wolf
   986 | D        | Killed a fire bat
   987 | D        | Reached skill level 5 in Transmutations
   987 | D        | Reached skill level 8 in Earth Magic
   987 | D        | Reached skill level 5 in Invocations
   987 | D        | Reached XP level 6. HP: 11/32 MP: 10/17
   989 | D        | Reached **** piety under Sif Muna
   994 | D        | Reached skill level 9 in Earth Magic
  1018 | D        | Noticed Prince Ribbit
  1023 | D        | Killed Prince Ribbit
  1024 | D        | Reached XP level 7. HP: 16/36 MP: 3/20
  1231 | D        | Learned a level 3 spell: Stone Arrow
  1236 | D        | Learned a level 4 spell: Petrify
  1246 | D        | Reached ***** piety under Sif Muna
  1247 | D        | Reached skill level 1 in Short Blades
  1247 | D        | Reached skill level 10 in Earth Magic
  1734 | D        | Killed an unseen horror
  1734 | D        | Received a gift from Sif Muna
  1735 | D        | Reached XP level 8. HP: 22/41 MP: 9/23
  2219 | D        | Reached skill level 5 in Stealth
  2219 | D        | Noticed Joseph
  2235 | D        | Killed Joseph
  2236 | D        | Reached skill level 10 in Spellcasting
  2236 | D        | Reached skill level 10 in Conjurations
  2366 | D        | Noticed a cane toad
  2366 | D        | Noticed a sea snake
  2491 | D        | Killed a sea snake
  2491 | D        | Received a gift from Sif Muna
  2492 | D        | Reached skill level 1 in Fighting
  2492 | D        | Reached skill level 1 in Armour
  2492 | D        | Reached skill level 11 in Earth Magic
  2492 | D        | Reached XP level 9. HP: 47/47 MP: 22/25
  2492 | D        | Got Sif Muna's Collected Works on Blasts {god gift}
  2537 | D        | Killed a cane toad
  2745 | D        | Noticed a troll
  2752 | D        | Reached skill level 5 in Short Blades
  2754 | D        | Killed a troll
  3170 | D        | Noticed a troll
  3170 | D        | Noticed a swamp dragon
  3185 | D        | Killed a shadow wraith
  3185 | D        | Received a gift from Sif Muna
  3186 | D        | Reached skill level 5 in Dodging
  3186 | D        | Got Gueji's Spellbook of Pyromancy and the Valley {god
                  | gift}
  3287 | D        | Killed a troll
  3689 | D        | Killed a swamp dragon
  3690 | D        | Reached skill level 12 in Earth Magic
  3690 | D        | Reached XP level 10. HP: 56/56 MP: 14/27
  3711 | D        | Noticed a red ugly thing
  3733 | D        | Killed a red ugly thing
  3854 | D        | Learned a level 5 spell: Borgnjor's Vile Clutch
  3886 | D        | Reached skill level 1 in Necromancy
  3886 | D        | Reached skill level 10 in Transmutations
  3979 | D        | Received a gift from Sif Muna
  3982 | D        | Got Poix's Codex of Combat Magic and Intoxication {god
                  | gift}
  4001 | D        | Reached skill level 10 in Invocations
  4484 | D        | Noticed Psyche
  4493 | D        | Killed Psyche
  4493 | D        | Received a gift from Sif Muna
  4494 | D        | Got Sif Muna's Compendium of the Voyage and Configuration
                  | {god gift}
  4750 | D        | Noticed a lindwurm
  4750 | D        | Noticed a deep elf zephyrmancer
  4777 | D        | Killed a lindwurm
  4778 | D        | Reached skill level 5 in Fighting
  4780 | D        | Killed a deep elf zephyrmancer
  4781 | D        | Reached skill level 5 in Armour
  4985 | D        | Noticed an orc knight
  5051 | D        | Noticed a merfolk avatar
  5063 | D        | Killed a shadow wraith
  5063 | D        | Reached ****** piety under Sif Muna
  5063 | D        | Received a gift from Sif Muna
  5064 | D        | Reached skill level 5 in Necromancy
  5064 | D        | Reached skill level 13 in Earth Magic
  5070 | D        | Killed a merfolk avatar
  5071 | D        | Reached XP level 11. HP: 41/64 MP: 18/29
  5080 | D        | Killed an orc knight
  5422 | D        | Noticed a death yak
  5423 | D        | Noticed Sonja
  5423 | D        | Noticed an entropy weaver
  5423 | D        | Noticed a death yak
  5423 | D        | an entropy weaver changed into a blink frog
  5437 | D        | Noticed a death yak
  5440 | D        | Killed a death yak
  5443 | D        | Received a gift from Sif Muna
  5472 | D        | Killed a death yak
  5609 | D        | Killed a death yak
  5609 | D        | Received a gift from Sif Muna
  5660 | D        | Got Sif Muna's Cyclopedia of the Volley {god gift}
  6341 | D        | Killed Sonja
  6342 | D        | Reached skill level 10 in Dodging
  6834 | D        | Received a gift from Sif Muna
  6840 | D        | Reached skill level 14 in Earth Magic
  7156 | D        | Got Umaff's Directory of Zombies {god gift}
  7165 | D        | Noticed a lindwurm
  7165 | D        | Noticed a vampire mage
  7172 | D        | Killed a vampire mage
  7175 | D        | Killed a lindwurm
  7867 | D        | Noticed a balrug
  7873 | D        | HP: 1/67 [balrug/fireball (35)]
  7881 | D        | Slain by a balrug

Illustrated notes

Levels and vault maps discovered:
D:        pitsprint [storerooms_1, entrance_room_1, metal_vault_4, armoury_2,
          mini_pit_1, grid_room_1, main_hall_1, silver_pit, the_coven_1,
          the_vestibule_1, steel_vault_5, golden_pit, hallway_of_sentries,
          crystal_vault_4, iron_vault_4, final_vault]

Skill      XL: |  1  2  3  4  5  6  7  8  9 10 11 |
---------------+----------------------------------+-----
Conjurations   | 2 3 5 7 9 10 11 12 13 | 13.6
Invocations    | 1 2 4 5 6 7 8 9 10 | 10.0
Earth Magic    | 4 6 8 9 10 11 12 13 14 | 14.2
Transmutations | 2 4 5 6 7 8 9 11 12 | 12.0
Spellcasting   | 4 5 6 8 9 10 11 12 | 12.0
Short Blades   | 2 4 5 6 |  6.8
Stealth        | 4 6 7 9 |  9.2
Fighting       | 1 3 5 7 |  7.0
Armour         | 1 3 5 7 |  7.0
Dodging        | 3 6 8 10 | 10.0
Necromancy     | 5 8 |  8.0

Action                     |  1- 3 |  4- 6 |  7- 9 | 10-12 || total
---------------------------+-------+-------+-------+-------++-------
  Melee: Dagger            |       |       |    12 |    15 ||    27
   Cast: Sandblast         |    19 |    17 |       |     2 ||    38
         Stone Arrow       |       |       |    40 |    99 ||   139
         Petrify           |       |       |     7 |    11 ||    18
         Borgnjor's Vile C |       |       |       |     7 ||     7
 Invoke: Channel Magic     |       |       |       |     3 ||     3
    Use: Potion            |     1 |     2 |     2 |    11 ||    16
         Scroll            |       |       |       |     1 ||     1
   Stab: Petrified         |       |       |    11 |    15 ||    26
 Armour: Robe              |     2 |     2 |       |       ||     4
         Ring mail         |       |       |     4 |    19 ||    23
  Dodge: Dodged            |     6 |     5 |    12 |    46 ||    69
